TOP OF THE 1ST |
Oregon State University Beavers batting - Pitching for Arizona State University Sun Devils : RHP Tom Rakowski
|
Pitching: RHP Tom Rakowski
|
|
Batting: SHB Sosaia Apelahama
|
0-0: Ball 1-0: SINGLE (Line Drive, 8LS, EV 112.5 MPH)
|
Batting: LHB Pablo Fraga
|
0-0: Called Strike 0-1: Called Strike Sosaia Apelahama is caught stealing 2nd base 2-6 0-2: Foul Ball, location: 2F 0-2: Ground out U3 (Groundball, 3L, EV 97.5 MPH)
|
Batting: RHB Luis Flores
|
0-0: SOLO HOME RUN (Flyball, 7D, EV 96.2 MPH), Distance : 389 ft
|
Batting: RHB Rafael Ventura
|
0-0: Called Strike 0-1: Ball 1-1: Ball 2-1: Ball 3-1: Swinging Strike 3-2: Foul Ball, location: 2F 3-2: Fly out, F9 (Line Drive, 9, EV 97.5 MPH)
|
Top of the 1st over - 1 run, 2 hits, 0 errors, 0 left on base; Oregon State University 1 - Arizona State University 0 |
BOTTOM OF THE 1ST |
Arizona State University Sun Devils batting - Pitching for Oregon State University Beavers : RHP Henry DePetrillo
|
Pitching: RHP Henry DePetrillo
|
|
Batting: RHB Rusty Gee
|
0-0: Ball 1-0: Called Strike 1-1: Foul Ball, location: 2F 1-2: Ball 2-2: Foul Ball, location: 2F 2-2: Strikes out swinging
|
Batting: LHB Timon Giorgiou
|
0-0: Ground out 4-3 (Groundball, 4, EV 106.9 MPH)
|
Batting: LHB Randy Marquez
|
0-0: Ball 1-0: Swinging Strike 1-1: Ground out 4-3 (Groundball, 4, EV 85.6 MPH)
|
Bottom of the 1st over - 0 runs, 0 hits, 0 errors, 0 left on base; Oregon State University 1 - Arizona State University 0 |
TOP OF THE 2ND |
Oregon State University Beavers batting - Pitching for Arizona State University Sun Devils : RHP Tom Rakowski
|
Batting: SHB Jim Chute
|
0-0: Ball 1-0: Foul Ball, location: 2F 1-1: Fly out, F7 (Flyball, 7LM, EV 89.4 MPH)
|
Batting: RHB Israel Soto
|
0-0: Called Strike 0-1: Foul Ball, location: 2F 0-2: Ball 1-2: Ball 2-2: SINGLE (Groundball, P, EV 78.8 MPH) (infield hit)
|
Batting: LHB Jason Trevarrow
|
0-0: Swinging Strike 0-1: Ball 1-1: Ball 2-1: Grounds into double play, 6-4-3 (Groundball, 6, EV 83.8 MPH)
|
Top of the 2nd over - 0 runs, 1 hit, 0 errors, 0 left on base; Oregon State University 1 - Arizona State University 0 |
BOTTOM OF THE 2ND |
Arizona State University Sun Devils batting - Pitching for Oregon State University Beavers : RHP Henry DePetrillo
|
Batting: LHB Burraga Iukini
|
0-0: Ball 1-0: Ball 2-0: Foul Ball, location: 2F 2-1: Swinging Strike 2-2: Strikes out swinging
|
Batting: RHB Hervé Papin
|
0-0: DOUBLE (Groundball, 5L, EV 107.5 MPH)
|
Batting: RHB Jun-hyuk Leem
|
0-0: Reached on error, E5 (Groundball, 56S, EV 62.5 MPH) Hervé Papin to third
|
Batting: RHB Carl Evans
|
0-0: Fielders Choice at 2nd, 4-6 (Groundball, 4, EV 86.2 MPH) Hervé Papin scores
|
Batting: RHB Kawenaula Kapali
|
0-0: Foul Ball, location: 2F 0-1: Ball 1-1: Called Strike 1-2: SINGLE (Groundball, 34, EV 103.8 MPH) Carl Evans to second Runner from 2nd tries for 3rd, OUT! 9-5
|
Bottom of the 2nd over - 1 run, 2 hits, 1 error, 1 left on base; Oregon State University 1 - Arizona State University 1 |
TOP OF THE 3RD |
Oregon State University Beavers batting - Pitching for Arizona State University Sun Devils : RHP Tom Rakowski
|
Batting: LHB Jon Hamilton
|
0-0: Foul Ball, location: 2F 0-1: Swinging Strike 0-2: Strikes out swinging
|
Batting: LHB Brock Darby
|
0-0: Ball 1-0: Ball 2-0: Foul Ball, location: 2F 2-1: Ball 3-1: Called Strike 3-2: Ground out U3 (Groundball, 34, EV 88.1 MPH)
|
Batting: SHB Sosaia Apelahama
|
0-0: Ball 1-0: Ground out 4-3 (Groundball, 4, EV 77.5 MPH)
|
Top of the 3rd over - 0 runs, 0 hits, 0 errors, 0 left on base; Oregon State University 1 - Arizona State University 1 |
BOTTOM OF THE 3RD |
Arizona State University Sun Devils batting - Pitching for Oregon State University Beavers : RHP Henry DePetrillo
|
Batting: RHB Stephen Wheeler
|
0-0: Ball 1-0: Ball 2-0: SINGLE (Groundball, 56D, EV 96.9 MPH)
|
Batting: RHB Rusty Gee
|
0-0: Foul Ball, location: 2F 0-1: Foul Ball, location: 2F 0-2: Fly out, F7 (Flyball, 78S, EV 84.4 MPH)
|
Batting: LHB Timon Giorgiou
|
0-0: Called Strike Stephen Wheeler is caught stealing 2nd base 2-6 0-1: Ball 1-1: Ball 2-1: Foul Ball, location: 2F 2-2: Foul Ball, location: 2F 2-2: Foul Ball, location: 2F 2-2: Strikes out swinging
|
Bottom of the 3rd over - 0 runs, 1 hit, 0 errors, 0 left on base; Oregon State University 1 - Arizona State University 1 |
TOP OF THE 4TH |
Oregon State University Beavers batting - Pitching for Arizona State University Sun Devils : RHP Tom Rakowski
|
Batting: LHB Pablo Fraga
|
0-0: Fly out, F8 (Flyball, 8LM, EV 80.0 MPH)
|
Batting: RHB Luis Flores
|
0-0: Ball 1-0: Ball 2-0: Called Strike 2-1: Foul Ball, location: 2F 2-2: Foul Ball, location: 2F 2-2: Ball 3-2: Strikes out swinging
|
Batting: RHB Rafael Ventura
|
0-0: Ball 1-0: Called Strike 1-1: Ball 2-1: Ball 3-1: Base on Balls
|
Batting: SHB Jim Chute
|
Pickoff Throw to First - Out! 1-3
|
Top of the 4th over - 0 runs, 0 hits, 0 errors, 0 left on base; Oregon State University 1 - Arizona State University 1 |
BOTTOM OF THE 4TH |
Arizona State University Sun Devils batting - Pitching for Oregon State University Beavers : RHP Henry DePetrillo
|
Batting: LHB Randy Marquez
|
0-0: Called Strike 0-1: Ball 1-1: Fly out, F7 (Flyball, 7LM, EV 86.9 MPH)
|
Batting: LHB Burraga Iukini
|
0-0: Swinging Strike 0-1: Fly out, F8 (Line Drive, 78M, EV 91.9 MPH)
|
Batting: RHB Hervé Papin
|
0-0: Ball 1-0: Ground out 4-3 (Groundball, 4S, EV 66.2 MPH)
|
Bottom of the 4th over - 0 runs, 0 hits, 0 errors, 0 left on base; Oregon State University 1 - Arizona State University 1 |
TOP OF THE 5TH |
Oregon State University Beavers batting - Pitching for Arizona State University Sun Devils : RHP Tom Rakowski
|
Batting: SHB Jim Chute
|
0-0: Swinging Strike 0-1: Called Strike 0-2: Ball 1-2: Foul Ball, location: 2F 1-2: Ball 2-2: Ball 3-2: Foul Ball, location: 2F 3-2: Base on Balls
|
Batting: RHB Israel Soto
|
0-0: Foul Ball, location: 2F 0-1: Ball 1-1: Swinging Strike 1-2: Foul Ball, location: 2F 1-2: Ball 2-2: Ball 3-2: Strikes out swinging
|
Batting: LHB Jason Trevarrow
|
0-0: Called Strike 0-1: Called Strike 0-2: Ball 1-2: Fielders Choice at 2nd, 1-4 (Groundball, 15S, EV 68.8 MPH)
|
Batting: LHB Jon Hamilton
|
0-0: Called Strike 0-1: Swinging Strike 0-2: Ball 1-2: Ball 2-2: Fly out, F9 (Flyball, 89M, EV 79.4 MPH)
|
Top of the 5th over - 0 runs, 0 hits, 0 errors, 1 left on base; Oregon State University 1 - Arizona State University 1 |
BOTTOM OF THE 5TH |
Arizona State University Sun Devils batting - Pitching for Oregon State University Beavers : RHP Henry DePetrillo
|
Batting: RHB Jun-hyuk Leem
|
0-0: Called Strike 0-1: Swinging Strike 0-2: Ground out 4-3 (Groundball, 34D, EV 98.1 MPH)
|
Batting: RHB Carl Evans
|
0-0: Ground out 1-3 (Groundball, 34S, EV 64.4 MPH)
|
Batting: RHB Kawenaula Kapali
|
0-0: Ball 1-0: Called Strike 1-1: Ball 2-1: Ball 3-1: SOLO HOME RUN (Flyball, 78XD, EV 96.9 MPH), Distance : 381 ft
|
Batting: RHB Stephen Wheeler
|
0-0: Called Strike 0-1: Foul Ball, location: 2F 0-2: Strikes out swinging
|
Bottom of the 5th over - 1 run, 1 hit, 0 errors, 0 left on base; Oregon State University 1 - Arizona State University 2 |
TOP OF THE 6TH |
Oregon State University Beavers batting - Pitching for Arizona State University Sun Devils : RHP Tom Rakowski
|
Batting: LHB Brock Darby
|
0-0: Foul Ball, location: 2F 0-1: Ball 1-1: Foul Ball, location: 2F 1-2: Strikes out looking
|
Pitching: RHP Yic Li
|
|
Batting: SHB Sosaia Apelahama
|
0-0: Ball 1-0: Called Strike 1-1: Foul Ball, location: 2F 1-2: Foul Ball, location: 2F 1-2: Strikes out swinging
|
Batting: LHB Pablo Fraga
|
0-0: Ball 1-0: Ball 2-0: Foul Ball, location: 2F 2-1: Foul Ball, location: 2F 2-2: Ball 3-2: Ground out 1-3 (Groundball, 13S, EV 76.9 MPH)
|
Top of the 6th over - 0 runs, 0 hits, 0 errors, 0 left on base; Oregon State University 1 - Arizona State University 2 |
BOTTOM OF THE 6TH |
Arizona State University Sun Devils batting - Pitching for Oregon State University Beavers : RHP Henry DePetrillo
|
Batting: RHB Rusty Gee
|
0-0: Called Strike 0-1: Reached on error, E2 (Groundball, 2L, EV 73.1 MPH)
|
Batting: LHB Timon Giorgiou
|
0-0: Ball Rusty Gee is caught stealing 2nd base 2-6 1-0: Called Strike 1-1: Called Strike 1-2: Strikes out swinging
|
Batting: LHB Randy Marquez
|
0-0: Ball 1-0: Called Strike 1-1: Called Strike 1-2: Strikes out swinging
|
Bottom of the 6th over - 0 runs, 0 hits, 1 error, 0 left on base; Oregon State University 1 - Arizona State University 2 |
TOP OF THE 7TH |
Oregon State University Beavers batting - Pitching for Arizona State University Sun Devils : RHP Yic Li
|
Batting: RHB Luis Flores
|
0-0: Swinging Strike 0-1: Fly out, F8 (Flyball, 89M, EV 75.6 MPH)
|
Batting: RHB Rafael Ventura
|
0-0: Ball 1-0: Foul Ball, location: 2F 1-1: Ball 2-1: Called Strike 2-2: Foul Ball, location: 2F 2-2: Ball 3-2: Fly out, F9 (Flyball, 9D, EV 100.0 MPH)
|
Batting: SHB Jim Chute
|
0-0: Hit by Pitch
|
Batting: RHB Israel Soto
|
0-0: Ball 1-0: Ball 2-0: Ball 3-0: Base on Balls Jim Chute to second
|
Pitching: LHP Coen van Oorschot
|
|
Batting: LHB Jason Trevarrow
|
0-0: Ball 1-0: Ball 2-0: Fielders Choice at 2nd, 6-4 (Groundball, 6, EV 88.1 MPH)
|
Top of the 7th over - 0 runs, 0 hits, 0 errors, 2 left on base; Oregon State University 1 - Arizona State University 2 |
BOTTOM OF THE 7TH |
Arizona State University Sun Devils batting - Pitching for Oregon State University Beavers : RHP Henry DePetrillo
|
Batting: LHB Burraga Iukini
|
0-0: Called Strike 0-1: Ball 1-1: Called Strike 1-2: Strikes out swinging
|
Batting: RHB Hervé Papin
|
0-0: Called Strike 0-1: Fly out, F8 (Flyball, 78D, EV 85.6 MPH)
|
Batting: RHB Jun-hyuk Leem
|
0-0: DOUBLE (Line Drive, 89D, EV 106.2 MPH)
|
Batting: RHB Carl Evans
|
0-0: Ball 1-0: Ball 2-0: Ball 3-0: Called Strike 3-1: Foul Ball, location: 2F 3-2: Base on Balls
|
Batting: RHB Kawenaula Kapali
|
0-0: Called Strike 0-1: Ball 1-1: SINGLE (Groundball, 56D, EV 97.5 MPH) Jun-hyuk Leem to third Carl Evans to second
|
Pitching: RHP Edgar Cepeda
|
|
Batting: RHB Stephen Wheeler
|
0-0: Swinging Strike 0-1: Ball Wild Pitch! Jun-hyuk Leem scores Carl Evans to third Kawenaula Kapali to second 1-1: Ball 2-1: Swinging Strike 2-2: Strikes out swinging
|
Bottom of the 7th over - 1 run, 2 hits, 0 errors, 2 left on base; Oregon State University 1 - Arizona State University 3 |
TOP OF THE 8TH |
Oregon State University Beavers batting - Pitching for Arizona State University Sun Devils : LHP Coen van Oorschot
|
Batting: LHB Jon Hamilton
|
0-0: Called Strike 0-1: Called Strike 0-2: Foul Ball, location: 2F 0-2: Strikes out swinging
|
Pinch Hitting: RHB Kyle McCunn
|
0-0: Ball 1-0: Ball 2-0: Swinging Strike 2-1: Ball 3-1: Foul Ball, location: 2F 3-2: Strikes out looking
|
Batting: SHB Sosaia Apelahama
|
0-0: Ball 1-0: Ball 2-0: Foul Ball, location: 2F 2-1: Ball 3-1: Foul Ball, location: 2F 3-2: Strikes out swinging
|
Top of the 8th over - 0 runs, 0 hits, 0 errors, 0 left on base; Oregon State University 1 - Arizona State University 3 |
BOTTOM OF THE 8TH |
Arizona State University Sun Devils batting - Pitching for Oregon State University Beavers : RHP Edgar Cepeda
|
Now at 2B: Kyle McCunn
|
|
Batting: RHB Rusty Gee
|
0-0: Swinging Strike 0-1: Ball 1-1: Foul Ball, location: 2F 1-2: Strikes out swinging
|
Batting: LHB Timon Giorgiou
|
0-0: Ball 1-0: Called Strike 1-1: Foul Ball, location: 2F 1-2: Strikes out swinging
|
Batting: LHB Randy Marquez
|
0-0: Foul Ball, location: 2F 0-1: Ball 1-1: SOLO HOME RUN (Flyball, 9D, EV 90.0 MPH), Distance : 350 ft
|
Batting: LHB Burraga Iukini
|
0-0: Foul Ball, location: 2F 0-1: Ball 1-1: Ball 2-1: Ball 3-1: Base on Balls
|
Batting: RHB Hervé Papin
|
0-0: Ball Burraga Iukini steals 2nd base 1-0: Ball 2-0: Foul Ball, location: 2F 2-1: Foul Ball, location: 2F 2-2: SINGLE (Line Drive, 3D, EV 94.4 MPH) Burraga Iukini to third Runner from 3rd tries for Home, SAFE, throw by RF to home Hervé Papin to second
|
Batting: RHB Jun-hyuk Leem
|
0-0: Reached on error, E6 (Groundball, 56, EV 106.2 MPH) Hervé Papin to third
|
Batting: RHB Carl Evans
|
0-0: Ball 1-0: Ball 2-0: Fielders Choice at 2nd, 5-4 (Groundball, 5, EV 86.9 MPH)
|
Bottom of the 8th over - 2 runs, 2 hits, 1 error, 2 left on base; Oregon State University 1 - Arizona State University 5 |
TOP OF THE 9TH |
Oregon State University Beavers batting - Pitching for Arizona State University Sun Devils : LHP Coen van Oorschot
|
Pitching: RHP Goffredo Damasco
|
|
Batting: LHB Pablo Fraga
|
0-0: Swinging Strike 0-1: Foul Ball, location: 2F 0-2: Foul Ball, location: 2F 0-2: Ball 1-2: Fly out, F7 (Line Drive, 7LM, EV 106.2 MPH)
|
Batting: RHB Luis Flores
|
0-0: Ball 1-0: Foul Ball, location: 2F 1-1: Foul Ball, location: 2F 1-2: Ball 2-2: Ball 3-2: Ground out 6-3 (Groundball, 6, EV 86.9 MPH)
|
Batting: RHB Rafael Ventura
|
0-0: Called Strike 0-1: Ball 1-1: Swinging Strike 1-2: Ground out 1-3 (Groundball, P, EV 71.9 MPH)
|
Top of the 9th over - 0 runs, 0 hits, 0 errors, 0 left on base; Oregon State University 1 - Arizona State University 5 |
|